 Dungeon Crawl Stone Soup version 0.28-a0-577-gb193047a1f (webtiles) character file.

Game seed: 14174013067827665446

2354 iamoutofideas the Cleaver (level 9, -9/79 HPs)
             Began as a Hill Orc Monk on Oct 2, 2021.
             Was an Elder of Ashenzari.
             Mangled by an acid dragon (11 damage)
             ... on level 8 of the Dungeon.
             The game lasted 00:15:04 (7719 turns).

iamoutofideas the Cleaver (Hill Orc Monk)           Turns: 7719, Time: 00:15:05

Health: -9/79      AC:  0    Str: 17    XL:     9   Next: 44%
Magic:  9/9        EV: 12    Int: 10    God:    Ashenzari [****..]
Gold:   398        SH:  0    Dex: 13    Spells: 8/8 levels left

rFire   . . .      SeeInvis +   a - +0 hand axe
rCold   . . .      Faith    .   (no shield)
rNeg    + . .      Spirit   .   f - +0 scale mail of the Cosmic Urgency {Bglg, Range} (curse)
rPois   +          Reflect  .   i - +0 helmet "I Knew You'd Do That" {Melee, Self} (curse)
rElec   .          Harm     .   x - +0 cloak of the Pangnostic Malaise {Bglg, Comp} (curse)
rCorr   .          Rampage  .   (no gloves)
Will    .....      Clarity  +   t - +1 pair of boots of Ashenzari's Vision {Cun, Comp} (curse)
Stlth   +.........              h - amulet of the Bound Oracle {Regen+, Evo, Fort} (curse)
HPRegen 1.23/turn               c - ring "Dismay of Ashenzari" {rN+, Fort, Cun} (curse)
MPRegen 0.11/turn               d - ring of Ashenzari's Burden {rPois, Alch, Comp} (curse)

@: corroded
A: no striking features
a: Renounce Religion, Shatter the Chains


You were on level 8 of the Dungeon.
You worshipped Ashenzari.
Ashenzari was greatly pleased with you.
You visited 2 branches of the dungeon, and saw 9 of its levels.
You also visited: Ossuary.

You collected 398 gold pieces.

Inventory:

Hand Weapons
 a - a +0 hand axe (weapon)
Armour
 f - the cursed +0 scale mail of the Cosmic Urgency (worn) {Bglg, Range}
   (You found it on level 1 of the Dungeon)

   It has a curse which improves the following skills: Beguiling: Conjurations,
   Hexes and Translocations.
   Ranged Combat: Slings, Bows, Crossbows and Throwing.
 i - the cursed +0 helmet "I Knew You'd Do That" (worn) {Melee, Self}
   (You took it off Robin on level 2 of the Dungeon)

   It has a curse which improves the following skills: Melee Combat: Short
   Blades, Long Blades, Axes, Maces & Flails, Polearms, Staves and Unarmed
   Combat.
   Introspection: Fighting and Spellcasting.
 t - the cursed +1 pair of boots of Ashenzari's Vision (worn) {Cun, Comp}
   (You found it on level 4 of the Dungeon)

   It has a curse which improves the following skills: Cunning: Dodging and
   Stealth.
   Companions: Summonings and Necromancy.
 x - the cursed +0 cloak of the Pangnostic Malaise (worn) {Bglg, Comp}
   (You found it on level 4 of the Dungeon)

   It has a curse which improves the following skills: Beguiling: Conjurations,
   Hexes and Translocations.
   Companions: Summonings and Necromancy.
Jewellery
 c - the cursed ring "Dismay of Ashenzari" (left hand) {rN+, Fort, Cun}
   (You found it on level 1 of the Dungeon)

   [ring of positive energy]

   rN:        It protects you from negative energy.
   It has a curse which improves the following skills: Fortitude: Armour and
   Shields.
   Cunning:   Dodging and Stealth.
 d - the cursed ring of Ashenzari's Burden (right hand) {rPois, Alch, Comp}
   (You found it on level 5 of the Dungeon)

   [ring of poison resistance]

   rPois:     It protects you from poison.
   It has a curse which improves the following skills: Alchemy: Poison Magic and
   Transmutations.
   Companions: Summonings and Necromancy.
 h - the cursed amulet of the Bound Oracle (around neck) {Regen+, Evo, Fort}
   (You found it on level 2 of the Dungeon)

   [amulet of regeneration]

   Regen:     It increases your rate of health regeneration.
   It has a curse which improves the following skills: Evocations: Evocations.
   Fortitude: Armour and Shields.
 m - a ring of flight
 y - a ring of protection from cold
 G - a +6 ring of strength
Wands
 l - a wand of polymorph (8)
 w - a wand of flame (19)
 C - a wand of paralysis (4)
 I - a wand of iceblast (7)
Scrolls
 e - 2 scrolls of torment
 g - 2 scrolls of fog
 j - 3 scrolls of enchant weapon
 k - a scroll of teleportation
 o - 3 scrolls of enchant armour
 v - a scroll of amnesia
 B - a scroll of brand weapon
 D - a scroll of summoning
Potions
 b - 4 potions of might
 n - 2 potions of brilliance
 p - a potion of cancellation
 q - a potion of resistance
 r - 2 potions of attraction
 u - a potion of magic
 z - a potion of ambrosia
 A - 2 potions of haste
 E - 2 potions of curing
 F - a potion of lignification
 H - a potion of invisibility


   Skills:
 + Level 4.7(7.0) Fighting
 + Level 14.7(16.9) Axes
 + Level 3.8(7.0) Armour
 + Level 3.2(6.3) Dodging
 + Level 1.9(4.4) Stealth


You had 8 spell levels left.
You didn't know any spells.
Your spell library contained the following spells:

 Spells                   Type           Power      Damage    Failure   Level
 Dazzling Flash           Conj/Hex       2%         N/A       95%         3
 Agony                    Necr           1%         N/A       100%        5
 Silence                  Hex/Air        0%         N/A       100%        5
 Borgnjor's Revivificati  Necr           0%         N/A       100%        8
 Necromutation            Tmut/Necr      0%         N/A       100%        8
 Death's Door             Necr           0%         N/A       100%        9


Dungeon Overview and Level Annotations

Branches:
Dungeon (8/15)             Temple (1/1) D:6         Ossuary (visited)
   Lair: D:8-11

Altars:
Ashenzari
Cheibriados
Dithmenos
Fedhas
Gozag
Kikubaaqudgha
Makhleb
Nemelex Xobeh
Okawaru
Qazlal
Ru
Sif Muna
Trog
Uskayaw
Vehumet
Wu Jian
Xom
Yredelemnul
Zin
The Shining One

Shops:
D:2 :


Message History

The acid dragon is lightly wounded.
You hit the white imp. The white imp barely misses you.
The acid dragon bites you. The acid dragon claws you.
You hit the acid dragon but do no damage.
The acid dragon is lightly wounded.
You hit the bullfrog. You hit the white imp.
A killer bee zombie comes into view.
The bullfrog hits you!
Unknown command.
You feel much better. The acid dragon bites you! The acid dragon claws you.
The white imp gestures at you. The puff of frost misses you.
The bullfrog closely misses you.
You slash the acid dragon!
The acid dragon is heavily wounded.
You closely miss the white imp. You barely miss the bullfrog.
The bullfrog barely misses you.
The white imp hits you but does no damage.
The acid dragon spits acid at you. The splash of acid hits you!
The acid corrodes you!
You hit the acid dragon but do no damage.
The acid dragon is heavily wounded.
You hit the white imp but do no damage. You hit the bullfrog.
The bullfrog closely misses you. The white imp hits you.
The white imp freezes you. The acid dragon spits acid at you.
The splash of acid hits you!!
* * * LOW HITPOINT WARNING * * *
The acid corrodes you!
You hit the acid dragon but do no damage.
The acid dragon is heavily wounded.
You hit the bullfrog. You hit the white imp but do no damage.
The bullfrog barely misses you.
You hit the acid dragon but do no damage.
The acid dragon is heavily wounded.
You hit the white imp but do no damage.
Your cursed scale mail of the Cosmic Urgency prevents you from hitting the bullfrog.
The bullfrog hits you!
* * * LOW HITPOINT WARNING * * *
The white imp barely misses you. The acid dragon bites you!
You die...

,, ,,, ,, , .... ...
..... , , *
......(....[. , , * #
, ............ ,,
######
####..#.#......,, *
...... ,
......#.#.?.... ,
....##
*........Z...... ,
#####
*......5DF......,
.......@..>.... , * #
* ** ....###...#....,
####..,, #* ###....)#
. , .....#**
*#####....#.# ,,, ,
###############....#,#
,,, , #
########.....### * **
* # ##.......##.## ,,
* # ##.########## **
## ###.#######


You could see an acid dragon (catching breath), a bullfrog, a white imp and a
killer bee zombie.

Vanquished Creatures
  A troll (D:7)
  3 black bears
  A sky beast (D:5)
  A hornet zombie (D:7)
  3 necrophages
  2 ice beasts (D:5)
  An ogre (D:5)
  A phantom (D:5)
  A kobold brigand (D:6)
  2 scorpions (D:5)
  3 water moccasin skeletons
  A centaur zombie (D:8)
  5 hounds
  A jelly (D:4)
  3 orc priests
  A centaur skeleton (D:5)
  2 bullfrog skeletons
  2 iguanas (D:4)
  2 orc wizards (D:4)
  A mummy (Ossuary)
  A hound skeleton (D:4)
  A howler monkey zombie (D:8)
  Robin (D:2)
  3 adders
  4 shadow imps
  A white imp (D:4)
  An ufetubus (D:5)
  2 worms
  3 dart slugs
  9 orcs
  3 spectral bats (Ossuary)
  3 endoplasms (D:1)
  2 giant cockroaches
  12 gnoll zombies (Ossuary)
  10 hobgoblins
  11 kobolds
  5 quokkas
  7 ball pythons
  10 bats
  3 bat simulacra (Ossuary)
  3 frilled lizards
  17 goblins
  6 goblin simulacra (Ossuary)
  A goblin zombie (Ossuary)
  3 hobgoblin zombies (Ossuary)
  5 kobold zombies (Ossuary)
  9 orc zombies (Ossuary)
  6 rats
  4 rat simulacra (Ossuary)
  2 spectral goblins (Ossuary)
  2 spectral kobolds (Ossuary)
  6 spectral rats (Ossuary)
193 creatures vanquished.

Vanquished Creatures (others)
  A bush (D:6)
  12 plants
13 creatures vanquished.

Grand Total: 206 creatures vanquished

Notes
Turn   | Place    | Note
-------+----------+-------------------------------------------
     0 | D:1      | iamoutofideas the Hill Orc Monk began the quest for the
                  | Orb.
     0 | D:1      | Reached XP level 1. HP: 19/19 MP: 1/1
   136 | D:1      | Reached XP level 2. HP: 27/27 MP: 2/2
   733 | D:1      | Reached XP level 3. HP: 28/33 MP: 3/3
  1407 | D:2      | Reached skill level 5 in Axes
  1917 | D:2      | Found Badeij's Book Shop.
  1943 | D:2      | Reached XP level 4. HP: 40/40 MP: 4/4
  2000 | D:2      | Noticed Robin
  2017 | D:2      | Killed Robin
  2018 | D:2      | Reached skill level 1 in Armour
  2116 | D:2      | Found a faded altar of an unknown god.
  2332 | D:2      | Became a worshipper of Ashenzari the Shackled
  2363 | D:3      | Found an iron altar of Okawaru.
  2641 | D:3      | Reached * piety under Ashenzari
  2783 | D:3      | Reached skill level 6 in Axes
  2783 | D:3      | Reached XP level 5. HP: 20/48 MP: 5/5
  2989 | D:3      | Reached ** piety under Ashenzari
  3462 | D:5      | Entered Level 5 of the Dungeon
  3511 | D:5      | Reached skill level 7 in Axes
  3511 | D:5      | Reached XP level 6. HP: 50/56 MP: 6/6
  3647 | D:5      | Reached skill level 8 in Axes
  3656 | D:5      | Noticed a sky beast
  3703 | D:5      | Killed a sky beast
  3704 | D:5      | Reached skill level 9 in Axes
  3704 | D:5      | Reached XP level 7. HP: 45/61 MP: 7/7
  3752 | D:5      | Found a sand-covered staircase.
  3762 | Ossuary  | Entered an ossuary
  4557 | D:4      | Reached skill level 10 in Axes
  4895 | D:4      | Reached *** piety under Ashenzari
  5184 | D:4      | Found a broken altar of Ashenzari.
  5303 | D:5      | Reached skill level 11 in Axes
  5303 | D:5      | Reached XP level 8. HP: 24/70 MP: 8/8
  5587 | D:5      | Reached skill level 12 in Axes
  6218 | D:6      | Reached **** piety under Ashenzari
  6238 | D:6      | Reached skill level 13 in Axes
  6560 | D:6      | Found a staircase to the Ecumenical Temple.
  6661 | D:6      | Found a blossoming altar of Fedhas.
  6789 | Temple   | Entered the Ecumenical Temple
  6957 | D:7      | Reached XP level 9. HP: 78/78 MP: 9/9
  6986 | D:7      | Reached skill level 14 in Axes
  7147 | D:7      | Noticed a troll
  7154 | D:7      | Killed a troll
  7288 | D:7      | Found a glowing golden altar of the Shining One.
  7393 | D:7      | Found a stormy altar of Qazlal.
  7719 | D:8      | HP: 2/79 [bullfrog (7)]
  7719 | D:8      | Mangled by an acid dragon

Illustrated notes

Levels and vault maps discovered:
D:1:      nzn_arrival_depleted_hourglass, layout_loops_ring, minmay_quantized
D:2:      layout_loops_ring, hellmonk_ecumenical_altar_pennies_from_heaven,
          serial_shops, shop, uniq_robin
D:3:      layout_loops_corners, mainiacjoe_overflow_catwalk
D:4:      layout_loops_corners, nicolae_ashenzari_panopticon
D:5:      layout_basic, nicolae_ossuary_entry_ruins, serial_bayou_pond_d,
          kennysheep_small_spiral, hangedman_decor_growths, minivault_27,
          minmay_starry_boxes
D:6:      layout_rooms, fedhas_altar_decomposition, temple_green
D:7:      layout_loops_ring, lemuel_crystal_altar, tso_oasis_becter
D:8:      layout_rooms
Temple:   eino_wide_crystal_templ

Skill      XL: |  1  2  3  4  5  6  7  8  9 |
---------------+----------------------------+-----
Fighting       | 4 |  4.7
Axes           | 5 6 7 9 11 13 14 | 14.7
Armour         | 1 2 3 |  3.8
Dodging        | 3 |  3.2
Stealth        | |  1.9

Action                   |  1- 3 |  4- 6 |  7- 9 || total
-------------------------+-------+-------+-------++-------
Melee: Hand axe          |   134 |   242 |   558 ||   934
       Punch             |       |       |     1 ||     1
Invok: Curse Item        |       |     3 |     4 ||     7
Evoke: Wand              |       |     1 |       ||     1
  Use: Potion            |       |     5 |     2 ||     7
 Stab: Sleeping          |     3 |       |       ||     3
Armor: Robe              |    23 |       |       ||    23
       Scale mail        |    17 |    92 |   163 ||   272
Dodge: Dodged            |    79 |   106 |   201 ||   386

Table legend: (Time is in decaauts)
 A = Elapsed time spent in this place.
 B = Non-inter-level travel time spent in this place.
 C = Inter-level travel time spent in this place.
 D = Time resting spent in this place.
 E = Time spent auto-exploring this place.
 F = Levels seen in this place.
 G = Mean time per level.
                   A        B        C        D        E       F      G
               +--------+--------+--------+--------+--------+-----+--------+
         Total |   7526 |   7036 |    490 |    530 |   4954 |  10 |  752.6 |
       Dungeon |   7160 |   6691 |    469 |    530 |   4801 |   8 |  895.0 |
        Temple |     67 |     46 |     21 |      0 |     36 |   1 |   67.0 |
       Ossuary |    298 |    298 |      0 |      0 |    117 |   1 |  298.0 |
               +--------+--------+--------+--------+--------+-----+--------+

Top non-repeatable levels by time:
     D:5: 1332 daAuts
     D:1: 1312 daAuts
     D:4: 1066 daAuts
     D:2: 1063 daAuts
     D:3: 903 daAuts
     D:6: 726 daAuts
     D:7: 678 daAuts
 Ossuary: 298 daAuts
     D:8: 76 daAuts
  Temple: 67 daAuts
